 Dungeon Crawl Stone Soup version 0.20.1-1-g8b1a95d (webtiles) character file.

44 Starchild the Caller (level 3, -2/19 HPs)
             Began as a Kobold Summoner on July 31, 2017.
             Slain by an adder (3 damage)
             ... on level 2 of the Dungeon.
             The game lasted 00:05:54 (1605 turns).

Starchild the Caller (Kobold Summoner)              Turns: 1605, Time: 00:05:54

Health: -2/19      AC:  8    Str:  5    XL:     3   Next: 85%
Magic:  4/6        EV: 15    Int: 17    God:
Gold:   67         SH:  0    Dex: 15    Spells: 3/6 levels left

rFire    . . .     SeeInvis .   d - +0 dagger
rCold    + . .     Gourm    .   (shield restricted)
rNeg     . . .     Faith    .   a - +0 robe
rPois    .         Spirit   .   h - +1 helmet
rElec    .         Reflect  .   (no cloak)
rCorr    .         Harm     .   (no gloves)
MR       .....                  (no boots)
Stlth    ++........             (no amulet)
Regen    0.1/turn               (no ring)
MPRegen  0.1/turn               (no ring)

@: no status effects
A: iridescent scales 1, rugged brown scales 2, carnivore 3, cold resistance 1
a: no special abilities


You were on level 2 of the Dungeon.
You were not hungry.

You visited 1 branch of the dungeon, and saw 2 of its levels.

You collected 67 gold pieces.

Inventory:

Hand Weapons
 d - a +0 dagger (weapon)
Missiles
 k - 41 stones (quivered)
Armour
 a - a +0 robe (worn)
 h - a +1 helmet (worn)
Scrolls
 e - 2 scrolls of teleportation {unknown}
 f - 2 scrolls of identify {unknown}
 g - a scroll of random uselessness {unknown}
 j - a scroll of remove curse {unknown}
 l - a scroll of fog {unknown}
 m - a scroll of magic mapping {unknown}
Books
 b - a book of Callings

   Spells                             Type                      Level
   a - Summon Small Mammal            Summoning                    1
   b - Call Imp                       Summoning                    2
   c - Call Canine Familiar           Summoning                    3
   d - Summon Guardian Golem          Hexes/Summoning              3
   e - Summon Lightning Spire         Summoning/Air                4
   f - Summon Ice Beast               Ice/Summoning                4
Comestibles
 c - a meat ration


   Skills:
 - Level 2.4 Dodging
 - Level 2.6 Stealth
 - Level 2.1 Spellcasting
 + Level 5.2 Summonings


You had 3 spell levels left.
You knew the following spells:

 Your Spells              Type           Power        Failure   Level  Hunger
a - Summon Small Mammal   Summ           ###.         2%          1    #......
b - Call Imp              Summ           ###.....     3%          2    ###....


Dungeon Overview and Level Annotations

Branches:
Dungeon (2/15)

Altars:


Innate Abilities, Weirdness & Mutations

You are small and have problems with some larger weapons.
You are carnivorous and can eat meat at any time.
You are partially covered in iridescent scales. (AC +2)
You are mostly covered in rugged brown scales. (AC +2, +5% HP)
Your flesh is cold resistant. (rC+)


Message History

Your rat disappears in a puff of smoke!
Your bat closely misses the adder.
Your bat misses the adder.
Your crimson imp blinks!
The adder misses you. The adder bites your bat.
Your bat dies!
Your bat's corpse disappears in a puff of smoke!
Your bat misses the adder.
It was a potion of magic.
Magic courses through your body.
Your bat closely misses the adder.
The adder barely misses you.
Your bat closely misses the adder.
The adder closely misses you.
Your bat misses the adder. The adder misses your bat.
Your bat barely misses the adder.
Your bat misses the adder. The adder closely misses your bat.
Your crimson imp hits the adder.
Your bat closely misses the adder.
Casting: Summon Small Mammal
Confirm with . or Enter, or press ? or * to list all spells.
A beastly little devil appears in a puff of flame.
Your crimson imp disappears in a puff of smoke!
Your bat closely misses the adder.
The adder bites you.
You die...

..#...#.÷.##
..#####.5.#
#.##....rS#
#..'.....†#
####......#
.........S#
.........[#
.........§###########
........(.(5S.bS@.5.#
....##.####.###.###.#
######.# #.# #.# #.
#.# #.# #.. ..# ###
###


You could see 2 adders, 2 friendly crimson imps and a friendly bat.

Vanquished Creatures
  A leopard gecko (D:1)
  2 bats (D:1)
  3 goblins (D:1)
  5 hobgoblins
  4 kobolds
  2 rats
17 creatures vanquished.

Vanquished Creatures (collateral kills)
  An adder (D:2)
  2 dart slugs
  2 goblins
  2 hobgoblins
  8 jackals (D:2)
  3 kobolds (D:1)
  3 bats (D:1)
  2 frilled lizards (D:1)
  A rat (D:2)
24 creatures vanquished.

Grand Total: 41 creatures vanquished

Notes
Turn   | Place    | Note
-------+----------+-------------------------------------------
     0 | D:1      | Starchild the Kobold Summoner began the quest for the Orb.
     0 | D:1      | Reached XP level 1. HP: 10/10 MP: 3/3
   335 | D:1      | Reached XP level 2. HP: 15/15 MP: 1/5
   339 | D:1      | Learned a level 2 spell: Call Imp
   886 | D:1      | Reached XP level 3. HP: 19/19 MP: 3/6
  1252 | D:2      | Reached skill level 5 in Summonings
  1602 | D:2      | Gained mutation: You are partially covered in rugged brown scales. (AC +1, +3% HP) [potion of mutation]
  1602 | D:2      | Gained mutation: You are mostly covered in rugged brown scales. (AC +2, +5% HP) [potion of mutation]
  1602 | D:2      | Gained mutation: You are partially covered in iridescent scales. (AC +2) [potion of mutation]
  1602 | D:2      | Gained mutation: Your flesh is cold resistant. (rC+) [potion of mutation]
  1605 | D:2      | Slain by an adder

Skill      XL: |  1  2  3 |
---------------+----------+-----
Summonings     | 5 |  5.2
Dodging        | |  2.4
Stealth        | |  2.6
Spellcasting   | |  2.1

Action                   || total
-------------------------++-------
Melee: Dagger            ||   129
       Unarmed           ||     8
Throw: Stone             ||     2
 Cast: Summon Small Mamm ||    22
       Call Imp          ||    11
  Use: Potion            ||     3
 Stab: Distracted        ||     1
       Sleeping          ||     5
  Eat: Chunk             ||     7
Armor: Robe              ||    47
Dodge: Dodged            ||   157
